 Dungeon Crawl Stone Soup version 0.31-a0-620-gd1cbd99268 (webtiles) character file.

Game seed: 10720954881857886146

1065 Ijustatesigmund the Stinger (level 8, 0/50 HPs)
             Began as an Octopode Venom Mage on Aug 23, 2023.
             Slain by an ice beast (4 damage)
             ... on level 6 of the Dungeon.
             The game lasted 00:14:07 (6827 turns).

Ijustatesigmund the Stinger (Octopode Venom Mage)   Turns: 6827, Time: 00:14:08

Health: 0/50       AC:  5    Str: 12    XL:     8   Next: 27%
Magic:  13/13      EV: 13    Int: 18    God:
Gold:   220        SH:  0    Dex:  9    Spells: 6/16 levels left

rFire   + . .        g - +2 hand axe (flame)
rCold   + . .        (no shield)
rNeg    . . .        (helmet restricted)
rPois   +            (no amulet)
rElec   +            d - +4 ring of protection
rCorr   +            (no ring)
SInv    .            (no ring)
Will    .....        (no ring)
Stlth   +++          (no ring)
HPRegen 0.28/turn    (no ring)
MPRegen 0.13/turn    (no ring)
                     (no ring)

%: no passive effects
@: resistant, weak-willed
A: almost no armour, amphibious, 8 rings, camouflage 1, gelatinous body 1,
(nimble swimmer 1), tentacles, fangs 1, clumsy 1, low MP 1, strong 1
a: no special abilities


You were on level 6 of the Dungeon.
You visited 1 branch of the dungeon, and saw 6 of its levels.

You collected 220 gold pieces.

Inventory:

Hand Weapons
 g - a +2 hand axe of flaming (weapon)
Jewellery
 d - a +4 ring of protection (left tentacle)
Talismans
 j - a flux talisman
Wands
 k - a wand of paralysis (7)
 o - a wand of digging (7)
 p - a wand of acid (15)
Scrolls
 l - a scroll of fear
 m - a scroll of poison
 q - a scroll of identify
Potions
 a - a potion of magic
 b - a potion of attraction
 e - 2 potions of curing
 f - 3 potions of enlightenment
 h - a potion of resistance


   Skills:
 - Level 2.0 Fighting
 - Level 2.1 Axes
 - Level 2.0 Dodging
 - Level 2.6 Stealth
 + Level 4.5 Spellcasting
 + Level 3.9 Conjurations
 - Level 1.0 Transmutations
 + Level 4.1 Air Magic
 + Level 6.4 Poison Magic


You had 6 spell levels left.
You knew the following spells:

 Your Spells              Type           Power      Damage    Failure   Level
a - Magic Dart            Conj           72%        1d6       2%          1
b - Poisonous Vapours     Pois/Air       46%        N/A       2%          2
c - Mephitic Cloud        Conj/Pois/Air  21%        N/A       6%          3
d - Olgreb's Toxic Radia  Pois           27%        N/A       10%         4

Your spell library contained the following spells:

 Spells                   Type           Power      Damage    Failure   Level
 Sting                    Tmut/Pois      68%        1d6       3%          1
 Searing Ray              Conj           36%        2d5       4%          2
 Fulminant Prism          Conj/Hex       5%         3d7       52%         4


Dungeon Overview and Level Annotations

Branches:
Dungeon (6/15)
 Temple: D:4-7

Altars:
Cheibriados
Kikubaaqudgha
Xom


Innate Abilities, Weirdness & Mutations

You cannot wear most types of armour.
You are amphibious.
You can wear up to eight rings at the same time.
Your skin changes colour to match your surroundings (Stealth+).
Your rubbery body absorbs attacks. (AC +1, EV +1)
((You are camouflaged when in or above water. (Stealth+)))
You have tentacles for arms and can constrict up to eight enemies at once.
You have very sharp teeth.
You are clumsy. (Dex -2)
Your magical capacity is low. (-10% MP)
Your muscles are strong. (Str +4, Int/Dex -1)


Message History

The ice beast barely misses you.
You hit the ice beast but do no damage.
The ice beast is lightly wounded.
The ice beast barely misses you.
You hit the ice beast but do no damage. Your squeeze misses the ice beast.
The ice beast is lightly wounded.
The ice beast hits you but does no damage.
You completely miss the ice beast. Your bite misses the ice beast.
The ice beast is lightly wounded.
You hit the ice beast.
You melt the ice beast.
Your squeeze misses the ice beast.
The ice beast is moderately wounded.
The ice beast hits you but does no damage.
You hit the ice beast but do no damage.
You bite the ice beast, but do no damage.
The ice beast is moderately wounded.
The ice beast hits you but does no damage.
You hit the ice beast.
You melt the ice beast.
You squeeze the ice beast, but do no damage.
The ice beast is severely wounded.
You barely miss the ice beast.
You bite the ice beast, but do no damage.
Your squeeze misses the ice beast.
The ice beast is severely wounded.
You feel yourself slow down. The ice beast misses you.
You barely miss the ice beast. You bite the ice beast.
You squeeze the ice beast.
The ice beast is almost dead.
The ice beast hits you.
* * * LOW HITPOINT WARNING * * *
The ice beast freezes you. You resist.
* * * LOW HITPOINT WARNING * * *
The ice beast barely misses you.
You closely miss the ice beast.
The ice beast is almost dead.
The ice beast hits you.
* * * LOW HITPOINT WARNING * * *
The ice beast freezes you. You resist.
You die...

...o###.##Y##
###.# #.##.# #
....##Y#####
............###.#
................#
###..##.###.###.#
#.. #........$#
#. ######o###.# #
.Y# #.Y@..# #.#
####### #.# #.#
#..#.# #..#.#
..#.# ..#.# #.#.#


You could see an ice beast and an orc.

Vanquished Creatures
  A water moccasin (D:6)
  An ogre (D:5)
  A scorpion (D:4)
  A howler monkey (D:5)
  An orc priest (D:3)
  4 hounds
  A gnoll bouda (D:3)
  A jelly (D:5)
  A sleepcap (D:5)
  Jessica (D:2)
  2 iguanas (D:5)
  Natasha (thrice) (D:2)
  2 orc wizards
  10 adders
  12 gnolls
  A shadow imp (D:5)
  2 worms
  7 dart slugs
  12 orcs
  6 ball pythons
  14 endoplasms
  A giant cockroach (D:1)
  5 goblins
  7 hobgoblins
  5 jackals
  6 kobolds
  6 quokkas
  8 bats
  5 frilled lizards
  6 rats
133 creatures vanquished.

Notes
Turn   | Place    | Note
-------+----------+-------------------------------------------
     0 | D:1      | Ijustatesigmund the Octopode Venom Mage began the quest for
                  | the Orb.
     0 | D:1      | Reached XP level 1. HP: 11/11 MP: 3/3
   204 | D:1      | Reached XP level 2. HP: 16/18 MP: 3/5
   288 | D:1      | Learned a level 2 spell: Poisonous Vapours
   420 | D:1      | Reached skill level 1 in Fighting
   443 | D:1      | Reached skill level 4 in Poison Magic
   542 | D:1      | Reached XP level 3. HP: 21/23 MP: 6/6
   558 | D:1      | Learned a level 3 spell: Mephitic Cloud
  1055 | D:1      | Reached skill level 1 in Air Magic
  1269 | D:2      | Reached XP level 4. HP: 25/28 MP: 1/7
  1535 | D:2      | Reached skill level 1 in Conjurations
  1904 | D:2      | Noticed Jessica
  1905 | D:2      | Noticed Natasha
  1910 | D:2      | Killed Jessica
  1911 | D:2      | Reached XP level 5. HP: 23/34 MP: 2/9
  1916 | D:2      | Killed Natasha
  2009 | D:2      | Noticed Natasha
  2016 | D:2      | Killed Natasha
  2131 | D:2      | Noticed Natasha
  2136 | D:2      | Killed Natasha
  2393 | D:3      | Found a faded altar of an unknown god.
  2594 | D:3      | You fall into a shaft and drop 3 floors!
  2628 | D:6      | Reached XP level 6. HP: 39/39 MP: 3/10
  2631 | D:6      | Reached skill level 1 in Axes
  2642 | D:6      | Learned a level 4 spell: Olgreb's Toxic Radiance
  2735 | D:6      | Reached skill level 5 in Poison Magic
  2749 | D:6      | Noticed an ice beast
  2901 | D:5      | Entered Level 5 of the Dungeon
  3087 | D:5      | Reached XP level 7. HP: 43/45 MP: 5/12
  4204 | D:3      | Found an ancient bone altar of Kikubaaqudgha.
  5413 | D:4      | Found a snail-covered altar of Cheibriados.
  5421 | D:4      | Found a shimmering altar of Xom.
  5469 | D:4      | Reached skill level 6 in Poison Magic
  6099 | D:5      | Learned a level 1 spell: Magic Dart
  6164 | D:5      | Reached XP level 8. HP: 43/50 MP: 11/14
  6774 | D:6      | Gained mutation: You have very sharp teeth. [potion of
                  | mutation]
  6774 | D:6      | Gained mutation: Your magical capacity is low. (-10% MP)
                  | [potion of mutation]
  6774 | D:6      | Gained mutation: You are clumsy. (Dex -2) [potion of
                  | mutation]
  6774 | D:6      | Gained mutation: Your muscles are strong. (Str +4, Int/Dex
                  | -1) [potion of mutation]
  6827 | D:6      | Slain by an ice beast

Illustrated notes

Levels and vault maps discovered:
D:1:      psy_arrival_whirlpool, layout_basic, serial_rivers,
          chequers_serial_rivers_room_b, chequers_serial_rivers_small_b,
          chequers_serial_rivers_micro_d, chequers_serial_rivers_micro_d,
          chequers_serial_rivers_small_a, chequers_serial_rivers_marsh,
          minmay_split_cup_large
D:2:      layout_rooms, uniq_natasha, uniq_jessica
D:3:      cheibrodos_old_hovel, layout_basic, kiku_gazebo_pond_becter,
          basic_ecumenical_altar
D:4:      minmay_spotlight, layout_cave_pools,
          mainiacjoe_overflow_large_starburst, serial_park, serial_park_avenue1,
          serial_park_tiny_1, serial_park_tiny_1, kennysheep_flooded_box,
          hangedman_decor_diamond_cutter
D:5:      layout_basic
D:6:      minmay_opposing_rooms, layout_loops_ring

Skill      XL: |  1  2  3  4  5  6  7  8 |
---------------+-------------------------+-----
Fighting       | 1 2 |  2.0
Poison Magic   | 4 5 6 |  6.4
Air Magic      | 1 2 3 4 |  4.1
Conjurations   | 1 2 3 |  3.9
Spellcasting   | 3 4 |  4.5
Axes           | 1 2 |  2.1
Dodging        | |  2.0
Stealth        | |  2.6
Transmutations | |  1.0

Action                     |  1- 3 |  4- 6 |  7- 9 || total
---------------------------+-------+-------+-------++-------
  Melee: Unarmed           |    42 |       |       ||    42
         Tentacles         |     9 |    17 |    24 ||    50
         Constrict         |    20 |    18 |    28 ||    66
         Dagger            |    42 |    20 |       ||    62
         Punch             |     2 |     1 |     2 ||     5
         Hand axe          |       |    46 |   127 ||   173
         Bite              |       |       |     4 ||     4
   Cast: Sting             |    19 |     9 |     4 ||    32
         Poisonous Vapours |    13 |    47 |    32 ||    92
         Olgreb's Toxic Ra |       |       |     8 ||     8
         Mephitic Cloud    |       |       |     2 ||     2
         Magic Dart        |       |       |     1 ||     1
    Use: Scroll            |     2 |     2 |     8 ||    12
         Potion            |       |     1 |     4 ||     5
   Stab: Sleeping          |     4 |       |     5 ||     9
         Confused          |       |       |     3 ||     3
 Armour: Skin              |    11 |    34 |    32 ||    77
  Dodge: Dodged            |    53 |    40 |    92 ||   185

Table legend: (Time is in decaauts)
 A = Elapsed time spent in this place.
 B = Non-inter-level travel time spent in this place.
 C = Inter-level travel time spent in this place.
 D = Time resting spent in this place.
 E = Time spent auto-exploring this place.
 F = Levels seen in this place.
 G = Mean time per level.
                   A        B        C        D        E       F      G
               +--------+--------+--------+--------+--------+-----+--------+
         Total |   6875 |   6792 |     83 |   2185 |   3579 |   6 | 1145.8 |
       Dungeon |   6875 |   6792 |     83 |   2185 |   3579 |   6 | 1145.8 |
               +--------+--------+--------+--------+--------+-----+--------+

Top non-repeatable levels by time:
     D:3: 1783 daAuts
     D:5: 1277 daAuts
     D:2: 1200 daAuts
     D:1: 1176 daAuts
     D:4: 1083 daAuts
     D:6: 354 daAuts
